CRL
WINSTON-SALEM SPIRITS @ ROCKY MOUNT LEAFS
08/12/1982
 
TOP OF THE 1ST
Winston-Salem Spirits batting - Pitching for Rocky Mount Leafs : RHP Don Heinkel
Pitching: RHP Don Heinkel
Batting: SHB Mark Wiesler 0-0: Called Strike
0-1: Ball
1-1: Called Strike
1-2: Fly out, F8 (Flyball, 8RD, EV 86.3 MPH)
Batting: SHB Jim Thomas 0-0: Ball
1-0: Foul Ball, location: 2F
1-1: Swinging Strike
1-2: Fly out, F8 (Flyball, 8RD, EV 90.6 MPH)
Batting: RHB Greg Griffin 0-0: Ball
1-0: Ground out 6-3 (Groundball, 6, EV 87.5 MPH)
Top of the 1st over - 0 runs, 0 hits, 0 errors, 0 left on base; Winston-Salem 0 - Rocky Mount 0
BOTTOM OF THE 1ST
Rocky Mount Leafs batting - Pitching for Winston-Salem Spirits : LHP Fernando Gonzales
Pitching: LHP Fernando Gonzales
Batting: SHB Keith Spreckels 0-0: Ball
1-0: Swinging Strike
1-1: Ball
2-1: Foul Ball, location: 2F
2-2: Ground out 5-3 (Groundball, 56S, EV 78.8 MPH)
Batting: RHB Kevin McGann 0-0: Ball
1-0: Ball
2-0: Called Strike
2-1: SINGLE (Groundball, 6MD, EV 104.4 MPH)
Batting: LHB Oscar Ramirez 0-0: Fielders Choice at 2nd, 2-4 (Groundball, 15S, EV 68.8 MPH)
Batting: RHB Glen Bockhorn 0-0: Ball
1-0: Ball
2-0: Ground out 6-3 (Groundball, P, EV 79.4 MPH)
Bottom of the 1st over - 0 runs, 1 hit, 0 errors, 1 left on base; Winston-Salem 0 - Rocky Mount 0
TOP OF THE 2ND
Winston-Salem Spirits batting - Pitching for Rocky Mount Leafs : RHP Don Heinkel
Batting: LHB Michael Ward 0-0: SINGLE (Groundball, 34D, EV 100.0 MPH)
Batting: RHB Buddy Bailey 0-0: Ball
1-0: Ball
2-0: Swinging Strike
2-1: Swinging Strike
2-2: Strikes out swinging
Batting: RHB Greg Olson 0-0: Reached on error, E6 (Groundball, 6S, EV 90.0 MPH)
Michael Ward to second
Batting: RHB Larry Reasonover 0-0: Ball
1-0: Called Strike
1-1: Ball
2-1: Ball
3-1: Foul Ball, location: 2F
3-2: Fielders Choice at 2nd, 6-4 (Groundball, 6, EV 104.4 MPH)
Michael Ward to third
Batting: RHB Ell Roberson 0-0: Ball
1-0: SINGLE (Groundball, 56D, EV 103.1 MPH) (infield hit)
Michael Ward scores
Larry Reasonover to second
Batting: RHB Venson Davis 0-0: Ball
1-0: Fly out, F6 (Popup, P, EV 73.8 MPH)
Top of the 2nd over - 1 run, 2 hits, 1 error, 2 left on base; Winston-Salem 1 - Rocky Mount 0
BOTTOM OF THE 2ND
Rocky Mount Leafs batting - Pitching for Winston-Salem Spirits : LHP Fernando Gonzales
Batting: RHB James Camacho 0-0: Foul Ball, location: 2F
0-1: Ball
1-1: Swinging Strike
1-2: Ball
2-2: Ball
3-2: SINGLE (Line Drive, 4MD, EV 97.5 MPH)
Batting: RHB Brian Poldberg 0-0: Ball
1-0: Fly out, F7 (Flyball, 7S, EV 84.4 MPH)
Batting: LHB Chris D Jones 0-0: Ball
James Camacho steals 2nd base
1-0: Called Strike
1-1: Ball
2-1: Ground out 6-3 (Groundball, 56, EV 78.8 MPH)
Batting: RHB Sergio Loya 0-0: Swinging Strike
0-1: Ball
1-1: Ball
2-1: Foul Ball, location: 2F
2-2: Ground out 3-1 (Groundball, 34S, EV 68.1 MPH)
Bottom of the 2nd over - 0 runs, 1 hit, 0 errors, 1 left on base; Winston-Salem 1 - Rocky Mount 0
TOP OF THE 3RD
Winston-Salem Spirits batting - Pitching for Rocky Mount Leafs : RHP Don Heinkel
Batting: SHB Mark Wiesler 0-0: Ground out 4-3 (Groundball, 4M, EV 98.8 MPH)
Batting: SHB Jim Thomas 0-0: Called Strike
0-1: Ball
1-1: SINGLE (Flyball, 5D, EV 92.5 MPH)
Batting: RHB Greg Griffin 0-0: Grounds into double play, 4-6-3 (Groundball, 4, EV 81.9 MPH)
Top of the 3rd over - 0 runs, 1 hit, 0 errors, 0 left on base; Winston-Salem 1 - Rocky Mount 0
BOTTOM OF THE 3RD
Rocky Mount Leafs batting - Pitching for Winston-Salem Spirits : LHP Fernando Gonzales
Batting: RHB Tom Goffena 0-0: Ball
1-0: Foul Ball, location: 2F
1-1: Called Strike
1-2: Foul Ball, location: 2F
1-2: Ball
2-2: Ball
3-2: SINGLE (Groundball, 56, EV 87.5 MPH) (infield hit)
Batting: SHB Keith Spreckels 0-0: Called Strike
0-1: Ball
1-1: Called Strike
1-2: Ball
2-2: TRIPLE (Line Drive, 78XD, EV 104.4 MPH)
Tom Goffena scores
Batting: RHB Kevin McGann 0-0: Ball
1-0: Foul Ball, location: 2F
1-1: Fly out, F8 (Flyball, 89M, EV 90.6 MPH)
Batting: LHB Oscar Ramirez 0-0: Ground out U3 (Groundball, 34S, EV 83.8 MPH)
Keith Spreckels scores
Batting: RHB Glen Bockhorn 0-0: Ball
1-0: Swinging Strike
1-1: Ball
2-1: Fly out, F8 (Flyball, 89D, EV 108.1 MPH)
Bottom of the 3rd over - 2 runs, 2 hits, 0 errors, 0 left on base; Winston-Salem 1 - Rocky Mount 2
TOP OF THE 4TH
Winston-Salem Spirits batting - Pitching for Rocky Mount Leafs : RHP Don Heinkel
Batting: LHB Michael Ward 0-0: Ball
1-0: Foul Ball, location: 2F
1-1: Ball
2-1: Called Strike
2-2: Strikes out swinging
Batting: RHB Buddy Bailey 0-0: Ball
1-0: Called Strike
1-1: Ball
2-1: Ball
3-1: Foul Ball, location: 2F
3-2: Ground out 4-3 (Groundball, 4, EV 103.1 MPH)
Batting: RHB Greg Olson 0-0: Ball
1-0: Fly out, F9 (Line Drive, 9, EV 87.5 MPH)
Top of the 4th over - 0 runs, 0 hits, 0 errors, 0 left on base; Winston-Salem 1 - Rocky Mount 2
BOTTOM OF THE 4TH
Rocky Mount Leafs batting - Pitching for Winston-Salem Spirits : LHP Fernando Gonzales
Batting: RHB James Camacho 0-0: Fly out, F9 (Line Drive, 9, EV 93.8 MPH)
Batting: RHB Brian Poldberg 0-0: Called Strike
0-1: SINGLE (Groundball, 6MD, EV 101.3 MPH)
Batting: LHB Chris D Jones 0-0: Called Strike
0-1: Ball
1-1: Fielders Choice at 2nd, 4-6 (Groundball, 34, EV 96.9 MPH)
Batting: RHB Sergio Loya 0-0: Ball
1-0: Called Strike
1-1: Ball
Wild Pitch!
Chris D Jones to second
2-1: Ground out 6-3 (Groundball, 6, EV 85.0 MPH)
Bottom of the 4th over - 0 runs, 1 hit, 0 errors, 1 left on base; Winston-Salem 1 - Rocky Mount 2
TOP OF THE 5TH
Winston-Salem Spirits batting - Pitching for Rocky Mount Leafs : RHP Don Heinkel
Batting: RHB Larry Reasonover 0-0: Foul Ball, location: 2F
0-1: Ground out 5-3 (Groundball, 56S, EV 61.9 MPH)
Batting: RHB Ell Roberson 0-0: Called Strike
0-1: Called Strike
0-2: Strikes out swinging
Batting: RHB Venson Davis 0-0: Called Strike
0-1: Ball
1-1: Ball
2-1: Called Strike
2-2: SINGLE (Line Drive, 9S, EV 87.5 MPH)
Batting: SHB Mark Wiesler 0-0: Ball
1-0: Foul Ball, location: 2F
1-1: Ball
2-1: Foul Ball, location: 2F
2-2: Ball
3-2: TRIPLE (Flyball, 8LXD, EV 103.1 MPH)
Venson Davis scores
Batting: SHB Jim Thomas 0-0: Fly out, F7 (Flyball, 7, EV 89.4 MPH)
Top of the 5th over - 1 run, 2 hits, 0 errors, 1 left on base; Winston-Salem 2 - Rocky Mount 2
BOTTOM OF THE 5TH
Rocky Mount Leafs batting - Pitching for Winston-Salem Spirits : LHP Fernando Gonzales
Batting: RHB Tom Goffena 0-0: Fly out, F8 (Flyball, 8RD, EV 85.0 MPH)
Batting: SHB Keith Spreckels 0-0: DOUBLE (Groundball, 3L, EV 106.3 MPH)
Batting: RHB Kevin McGann 0-0: Ball
1-0: Ball
Keith Spreckels steals 3rd base
2-0: Ball
3-0: Base on Balls
Batting: LHB Oscar Ramirez 0-0: Called Strike
0-1: Ball
1-1: Swinging Strike
1-2: Ball
2-2: Strikes out swinging
Batting: RHB Glen Bockhorn 0-0: Ball
1-0: Swinging Strike
1-1: DOUBLE (Line Drive, 7LM, EV 111.9 MPH)
Keith Spreckels scores
Kevin McGann to third
Runner from 3rd tries for Home, SAFE, throw by LF to trailing runner, OUT at third! 7-6-5
Bottom of the 5th over - 2 runs, 2 hits, 0 errors, 0 left on base; Winston-Salem 2 - Rocky Mount 4
TOP OF THE 6TH
Winston-Salem Spirits batting - Pitching for Rocky Mount Leafs : RHP Don Heinkel
Batting: RHB Greg Griffin 0-0: Ball
1-0: Ball
2-0: Called Strike
2-1: Ground out 6-3 (Groundball, 6, EV 85.6 MPH)
Batting: LHB Michael Ward 0-0: Called Strike
0-1: Foul Ball, location: 2F
0-2: Foul Ball, location: 2F
0-2: Foul Ball, location: 2F
0-2: Ground out 6-3 (Groundball, 6MD, EV 103.1 MPH)
Batting: RHB Buddy Bailey 0-0: SINGLE (Groundball, 6MD, EV 104.4 MPH)
Batting: RHB Greg Olson 0-0: Called Strike
0-1: Fly out, F9 (Line Drive, 9, EV 101.3 MPH)
Top of the 6th over - 0 runs, 1 hit, 0 errors, 1 left on base; Winston-Salem 2 - Rocky Mount 4
BOTTOM OF THE 6TH
Rocky Mount Leafs batting - Pitching for Winston-Salem Spirits : LHP Fernando Gonzales
Batting: RHB James Camacho 0-0: Fly out, F5 (Popup, 5SF, EV 73.8 MPH)
Batting: RHB Brian Poldberg 0-0: Called Strike
0-1: Fly out, F3 (Popup, 23F, EV 76.3 MPH)
Batting: LHB Chris D Jones 0-0: TRIPLE (Flyball, 89XD, EV 97.5 MPH)
Batting: RHB Sergio Loya 0-0: Ball
1-0: Foul Ball, location: 2F
1-1: Foul Ball, location: 2F
1-2: Foul Ball, location: 2F
1-2: Ball
2-2: Ball
3-2: Base on Balls
Batting: RHB Tom Goffena 0-0: Called Strike
0-1: Called Strike
0-2: Foul Ball, location: 2F
0-2: Ball
1-2: Reached on error, E3 (Groundball, 34S, EV 79.4 MPH)
Chris D Jones scores
Sergio Loya to third
Batting: SHB Keith Spreckels 0-0: Ball
1-0: Ball
2-0: TRIPLE (Flyball, 9LD, EV 88.8 MPH)
Sergio Loya scores
Tom Goffena scores
Pitching: LHP Mike Kinnunen
Batting: RHB Kevin McGann 0-0: Ball
1-0: 2-RUN HOME RUN (Flyball, 7D, EV 106.9 MPH), Distance : 372 ft
Batting: LHB Oscar Ramirez 0-0: Ball
1-0: Called Strike
1-1: Called Strike
1-2: Foul Ball, location: 2F
1-2: Ball
2-2: Ball
3-2: Base on Balls
Batting: RHB Glen Bockhorn 0-0: Ball
1-0: Ball
2-0: Foul Ball, location: 2F
2-1: SINGLE (Groundball, 56D, EV 108.1 MPH)
Oscar Ramirez to second
Batting: RHB James Camacho 0-0: Ball
1-0: Ball
2-0: SINGLE (Line Drive, 9S, EV 103.8 MPH)
Oscar Ramirez to third
Glen Bockhorn to second
Batting: RHB Brian Poldberg 0-0: Called Strike
0-1: Fly out, F6 (Line Drive, 6, EV 61.9 MPH)
Bottom of the 6th over - 5 runs, 5 hits, 1 error, 3 left on base; Winston-Salem 2 - Rocky Mount 9
TOP OF THE 7TH
Winston-Salem Spirits batting - Pitching for Rocky Mount Leafs : RHP Don Heinkel
Pinch Hitting: RHB Kelly Miller 0-0: Fly out, F5 (Line Drive, 5, EV 68.1 MPH)
Pinch Hitting: RHB James Poff 0-0: Foul Ball, location: 2F
0-1: Ball
1-1: Fly out, F4 (Line Drive, 4, EV 77.5 MPH)
Batting: RHB Venson Davis 0-0: Called Strike
0-1: Called Strike
0-2: Ball
1-2: Strikes out swinging
Top of the 7th over - 0 runs, 0 hits, 0 errors, 0 left on base; Winston-Salem 2 - Rocky Mount 9
BOTTOM OF THE 7TH
Rocky Mount Leafs batting - Pitching for Winston-Salem Spirits : LHP Mike Kinnunen
Now at SS: Kelly Miller
Now in CF: James Poff
Batting: LHB Chris D Jones 0-0: Fly out, F7 (Flyball, 7D, EV 104.4 MPH)
Batting: RHB Sergio Loya 0-0: Ball
1-0: Ball
2-0: Fly out, F9 (Flyball, 89S, EV 86.3 MPH)
Pinch Hitting: RHB Nario Campione 0-0: Ground out 4-3 (Groundball, 34, EV 79.4 MPH)
Bottom of the 7th over - 0 runs, 0 hits, 0 errors, 0 left on base; Winston-Salem 2 - Rocky Mount 9
TOP OF THE 8TH
Winston-Salem Spirits batting - Pitching for Rocky Mount Leafs : RHP Don Heinkel
Now at SS: Nario Campione
Pinch Hitting: RHB Michael Lenti 0-0: Ball
1-0: SINGLE (Groundball, 56S, EV 73.8 MPH) (infield hit)
Pinch Hitting: LHB Grant Alpaugh 0-0: Reached on error, E4 (Groundball, 4, EV 108.8 MPH)
Michael Lenti to second
Pinch Hitting: RHB Angelo Ross 0-0: Ball
1-0: Foul Ball, location: 2F
1-1: Fly out, F9 (Flyball, 9LD, EV 91.9 MPH)
Runner from 2nd tags up, SAFE at 3rd, no throw by RF
Pinch Hitting: RHB Craig Robinson 0-0: Called Strike
0-1: Called Strike
0-2: Strikes out swinging
Batting: RHB Buddy Bailey 0-0: Ball
1-0: Called Strike
1-1: Ball
2-1: 3-RUN HOME RUN (Line Drive, 78XD, EV 101.3 MPH), Distance : 422 ft
Pitching: RHP Luis Machado
Batting: RHB Greg Olson 0-0: Called Strike
0-1: Ball
1-1: Fly out, F9 (Line Drive, 9, EV 86.3 MPH)
Top of the 8th over - 3 runs, 2 hits, 1 error, 0 left on base; Winston-Salem 5 - Rocky Mount 9
BOTTOM OF THE 8TH
Rocky Mount Leafs batting - Pitching for Winston-Salem Spirits : LHP Mike Kinnunen
Now at 1B: Craig Robinson
Now at 2B: Michael Lenti
Now at 3B: Grant Alpaugh
Now in RF: Angelo Ross
Batting: SHB Keith Spreckels 0-0: Ball
1-0: Ball
2-0: Ground out U3 (Groundball, 3, EV 83.8 MPH)
Batting: RHB Kevin McGann 0-0: Ball
1-0: Called Strike
1-1: Ball
2-1: DOUBLE (Line Drive, 9LD, EV 106.3 MPH)
Batting: LHB Oscar Ramirez 0-0: Called Strike
0-1: Foul Ball, location: 2F
0-2: Ball
1-2: Foul Ball, location: 2F
1-2: Foul Ball, location: 2F
1-2: DOUBLE (Flyball, 8LXD, EV 110.6 MPH)
Kevin McGann scores
Batting: RHB Glen Bockhorn 0-0: Ball
1-0: Called Strike
1-1: Ball
2-1: Fly out, F9 (Flyball, 9, EV 88.8 MPH)
Batting: RHB James Camacho 0-0: Ground out 6-3 (Groundball, 6, EV 91.3 MPH)
Bottom of the 8th over - 1 run, 2 hits, 0 errors, 1 left on base; Winston-Salem 5 - Rocky Mount 10
TOP OF THE 9TH
Winston-Salem Spirits batting - Pitching for Rocky Mount Leafs : RHP Luis Machado
Batting: RHB Kelly Miller 0-0: Foul Ball, location: 2F
0-1: Ball
1-1: Ball
2-1: Called Strike
2-2: Fly out, F7 (Flyball, 7, EV 91.9 MPH)
Batting: RHB James Poff 0-0: Called Strike
0-1: Swinging Strike
0-2: Ball
1-2: Ground out U3 (Groundball, 34, EV 85.6 MPH)
Batting: RHB Venson Davis 0-0: Foul Ball, location: 2F
0-1: Ball
1-1: Ball
2-1: DOUBLE (Line Drive, 9LM, EV 105.6 MPH)
Batting: RHB Michael Lenti 0-0: SINGLE (Groundball, 6MD, EV 104.4 MPH)
Venson Davis to third
Batting: LHB Grant Alpaugh 0-0: Ground out 1-3 (Groundball, 13, EV 73.1 MPH)
Top of the 9th over - 0 runs, 2 hits, 0 errors, 2 left on base; Winston-Salem 5 - Rocky Mount 10
Friday, August 21st, 2020 - OOTP Baseball 21.5 Build 76